 Dungeon Crawl Stone Soup version 0.31-a0-358-gac0dbeb3ab (webtiles) character file.

Game seed: 8678480110493062619

1365 AdnanSaban the Cudgeller (level 8, -10/50 HPs)
             Began as a Gargoyle Fighter on July 25, 2023.
             Mangled by Edmund
             ... wielding a +3 heavy dire flail
              (15 damage)
             ... on level 3 of the Dungeon.
             The game lasted 00:05:29 (4205 turns).

AdnanSaban the Cudgeller (Gargoyle Fighter)         Turns: 4205, Time: 00:05:30

Health: -10/50     AC: 14    Str: 21    XL:     8   Next: 65%
Magic:  8/8        EV: 10    Int: 10    God:
Gold:   233        SH:  4    Dex:  9    Spells: 7/7 levels left

rFire   . . .        a - +0 flail
rCold   . . .        c - +0 buckler
rNeg    + . .        b - +0 scale mail
rPois   ∞            l - +0 helmet
rElec   +            (no cloak)
rCorr   .            (no gloves)
SInv    .            (no boots)
Will    .....        (no amulet) Stlth
                     (no ring)
HPRegen 0.28/turn    (no ring)
MPRegen 0.11/turn

%: no passive effects
@: no status effects
A: sickness immunity, AC +5, negative energy resistance 1, electricity
resistance, torment resistance 1, petrification resistance
a: no special abilities


You were on level 3 of the Dungeon.
You visited 1 branch of the dungeon, and saw 4 of its levels.
You also visited: Ossuary.

You collected 233 gold pieces.

Inventory:

Hand Weapons
 a - a +0 flail (weapon)
Missiles
 s - 2 poisoned darts (quivered)
Armour
 b - a +0 scale mail (worn)
 c - a +0 buckler (worn)
 l - a +0 helmet (worn)
Wands
 B - a wand of flame (8)
Scrolls
 f - 2 scrolls of vulnerability {unknown}
 i - 5 scrolls of identify {unknown}
 j - a scroll of enchant armour {unknown}
 m - a scroll of poison {unknown}
 n - a scroll of silence {unknown}
 o - 4 scrolls of teleportation {unknown}
 t - a scroll of blinking {unknown}
 v - a scroll of torment {unknown}
 x - 2 scrolls of revelation {unknown}
 y - a scroll of immolation {unknown}
 A - a scroll of enchant weapon {unknown}
Potions
 d - 5 potions of might
 e - 2 potions of degeneration {unknown}
 g - 5 potions of haste {unknown}
 h - a potion of enlightenment {unknown}
 k - 2 potions of curing {unknown}
 p - 3 potions of berserk rage {unknown}
 q - 2 potions of magic {unknown}
 r - a potion of heal wounds {unknown}
 u - a potion of invisibility {unknown}
 w - 2 potions of lignification {unknown}
 z - a potion of mutation {unknown}


   Skills:
 + Level 5.5 Fighting
 + Level 6.7 Maces & Flails
 + Level 6.1 Armour
 + Level 2.8 Dodging
 + Level 4.8 Shields


You had 7 spell levels left.
You didn't know any spells.
Your spell library contained the following spells:

 Spells                   Type           Power      Damage    Failure   Level
 Wereblood                Tmut           0%         N/A       87%         2
 Ignite Poison            Fire/Tmut/Pois 0%         N/A       98%         3
 Tukima's Dance           Hex            0%         N/A       98%         3
 Vhi's Electric Charge    Tloc/Air       0%         N/A       98%         3
 Passage of Golubria      Tloc           0%         N/A       100%        4
 Arcjolt                  Conj/Air       0%         1d10      100%        5
 Freezing Cloud           Conj/Ice/Air   0%         6-21      100%        5
 Yara's Violent Unravell  Hex/Tmut       0%         3d3       100%        5
 Plasma Beam              Fire/Air       0%         2x1d10    100%        6
 Summon Hydra             Summ           0%         N/A       100%        7
 Cigotuvi's Dreadful Rot  Necr/Pois/Air  Unusable   N/A       N/A         2
 Sublimation of Blood     Necr           Unusable   N/A       N/A         2

Dungeon Overview and Level Annotations

Branches:
Dungeon (4/15)            Ossuary (visited)
 Temple: D:4-7

Altars:
Sif Muna

Shops:
D:3 (   D:4 *

Annotations:
D:3 Edmund
D:4 Blork the orc, Natasha


Innate Abilities, Weirdness & Mutations

You are immune to sickness and miasma.
Your stone body is resilient. (AC +5)
You are immune to poison.
You resist negative energy. (rN+)
You are resistant to electric shocks. (rElec)
You are resistant to unholy torment.
You are immune to petrification.


Message History

Edmund is heavily wounded.
Edmund barely misses you.
You hit Edmund but do no damage.
Edmund is heavily wounded.
Edmund hits you with a +3 heavy dire flail!!
You are too injured to fight recklessly!
You are too injured to fight recklessly!
You are too injured to fight recklessly!
You are too injured to fight recklessly!
You are too injured to fight recklessly!
You are too injured to fight recklessly!
You are too injured to fight recklessly!
You are too injured to fight recklessly!
You are too injured to fight recklessly!
You are too injured to fight recklessly!
You are too injured to fight recklessly!
You are too injured to fight recklessly!
You are too injured to fight recklessly!
You are too injured to fight recklessly!
You closely miss Edmund.
Edmund is heavily wounded.
You hit Edmund.
Edmund is heavily wounded.
Edmund hits you with a +3 heavy dire flail.
You hit Edmund.
Edmund is heavily wounded.
You block Edmund's attack.
You barely miss Edmund.
Edmund is heavily wounded.
You hit Edmund but do no damage.
Edmund is heavily wounded.
Edmund barely misses you.
You hit Edmund but do no damage.
Edmund is heavily wounded.
Edmund hits you with a +3 heavy dire flail!
* * * LOW HITPOINT WARNING * * *
You hit Edmund but do no damage.
Edmund is heavily wounded.
Edmund hits you with a +3 heavy dire flail!
You die...

###...###.#.#
#...# #.#.# ##.##
#.#.# #..# #.#.#
#.## #.#.######
#.# #.#......# #.#
#.######.# ##.#
#.# #.#
##..#####.# #@#
..........# #@#
##.######## #.#
##.# #.# .#.## #.#
....# #.# #.#.###
#.#
..#...##########.#
.####............#


You could see Edmund.

Vanquished Creatures
  Grinder (D:4)
  A black bear (D:4)
  A phantom (D:4)
  A bullfrog (D:4)
  9 scorpions (Ossuary)
  2 centaur zombies (Ossuary)
  A human zombie (Ossuary)
  Natasha (D:4)
  A scorpion zombie (Ossuary)
  4 mummies
  Robin (D:2)
  7 adders
  2 ufetubi (D:4)
  A worm (D:2)
  4 dart slugs
  6 orcs
  4 bats
  6 endoplasms
  14 giant cockroaches
  A gnoll zombie (Ossuary)
  11 goblins
  8 hobgoblins
  4 jackals
  3 quokkas
  14 ball pythons
  3 frilled lizards
  2 goblin zombies
  3 hobgoblin zombies
  8 kobolds
  A kobold zombie (Ossuary)
  2 orc zombies (Ossuary)
  3 rats
130 creatures vanquished.

Notes
Turn   | Place    | Note
-------+----------+-------------------------------------------
     0 | D:1      | AdnanSaban the Gargoyle Fighter began the quest for the
                  | Orb.
     0 | D:1      | Reached XP level 1. HP: 14/14 MP: 1/1
   240 | D:1      | Reached XP level 2. HP: 19/19 MP: 2/2
   363 | D:1      | Found a faded altar of an unknown god.
   363 | D:1      | Noticed a rust devil
   785 | D:2      | Reached XP level 3. HP: 23/23 MP: 3/3
   900 | D:2      | Noticed Robin
  1017 | D:2      | Killed Robin
  1018 | D:2      | Reached XP level 4. HP: 19/29 MP: 4/4
  1396 | D:2      | Found a shimmering blue altar of Sif Muna.
  1641 | D:3      | Reached XP level 5. HP: 33/33 MP: 5/5
  1683 | D:3      | Found Kaloseb's Weapon Shop.
  2258 | D:4      | Found Gaaseasi's Assorted Antiques.
  2288 | D:4      | Noticed Grinder
  2578 | D:4      | Found a sand-covered staircase.
  2639 | Ossuary  | Entered an ossuary
  2735 | Ossuary  | Reached skill level 1 in Dodging
  2735 | Ossuary  | Reached XP level 6. HP: 39/39 MP: 6/6
  2856 | Ossuary  | Reached skill level 5 in Armour
  2856 | Ossuary  | Reached XP level 7. HP: 38/44 MP: 7/7
  3000 | Ossuary  | Reached skill level 5 in Maces & Flails
  3110 | Ossuary  | Reached skill level 5 in Fighting
  3157 | Ossuary  | Reached XP level 8. HP: 45/49 MP: 8/8
  3906 | D:4      | Killed Grinder
  3985 | D:4      | Noticed Natasha
  4001 | D:4      | Killed Natasha
  4079 | D:4      | Noticed Edmund
  4083 | D:4      | Noticed Natasha
  4085 | D:4      | Noticed Blork the orc
  4205 | D:3      | Mangled by Edmund

Illustrated notes

Levels and vault maps discovered:
D:1:      doesnt_arrival_eight_statues, layout_loops_corners,
          dreamdust_ecumenical_altar_sealed_demon, minmay_misc_feat_diagonals,
          minmay_misc_feat_alley
D:2:      layout_rooms, basic_altar, uniq_robin
D:3:      minmay_roachtagon, layout_loops_ring, serial_shops,
          nicolae_shop_advertising_works [nicolae_subvault_shop_adworks],
          wad_floor_pattern_untrapped
D:4:      layout_basic, nicolae_ossuary_entry_giza, st_stairs_13,
          nicolae_stop_n_shop_1, minmay_misc_feat_enclosed, nzn_random_ring,
          uniq_crazy_yiuf_cottage, uniq_natasha, uniq_grinder,
          uniq_blork_the_orc, uniq_edmund

Skill      XL: |  1  2  3  4  5  6  7  8 |
---------------+-------------------------+-----
Armour         | 4 5 6 |  6.1
Maces & Flails | 3 4 5 6 |  6.7
Fighting       | 4 5 |  5.5
Dodging        | 1 2 |  2.8
Shields        | 4 |  4.8

Action                     |  1- 3 |  4- 6 |  7- 9 || total
---------------------------+-------+-------+-------++-------
  Melee: Flail             |   105 |   215 |   237 ||   557
  Throw: Dart              |       |       |     3 ||     3
 Armour: Scale mail        |    87 |   143 |   160 ||   390
  Dodge: Dodged            |    76 |   151 |   159 ||   386
  Block: Buckler           |    40 |    52 |    64 ||   156

Table legend: (Time is in decaauts)
 A = Elapsed time spent in this place.
 B = Non-inter-level travel time spent in this place.
 C = Inter-level travel time spent in this place.
 D = Time resting spent in this place.
 E = Time spent auto-exploring this place.
 F = Levels seen in this place.
 G = Mean time per level.
                   A        B        C        D        E       F      G
               +--------+--------+--------+--------+--------+-----+--------+
         Total |   4338 |   4104 |    234 |    318 |   2567 |   5 |  867.6 |
       Dungeon |   3677 |   3443 |    234 |    257 |   2277 |   4 |  919.2 |
       Ossuary |    661 |    661 |      0 |     61 |    290 |   1 |  661.0 |
               +--------+--------+--------+--------+--------+-----+--------+

Top non-repeatable levels by time:
     D:4: 1131 daAuts
     D:3: 1069 daAuts
     D:1: 862 daAuts
 Ossuary: 661 daAuts
     D:2: 614 daAuts
